SA
ATHLETIC CLUB KC U-21 @ DELAWARE 1787 BC
08/19/2029
 
TOP OF THE 1ST
Athletic Club KC U-21 batting - Pitching for Delaware 1787 BC : RHP Juan Ramírez
Pitching: RHP Juan Ramírez
Batting: LHB Pablo Hernández 0-0: Fly out, F8 (Flyball, 8LD)
Batting: RHB Leonardo Hernández 0-0: Fly out, F8 (Flyball, 78D)
Batting: LHB José Antonio Mireles 0-0: Called Strike
0-1: Ground out U3 (Groundball, 3S)
Top of the 1st over - 0 runs, 0 hits, 0 errors, 0 left on base; Athletic Club KC 0 - Delaware 0
BOTTOM OF THE 1ST
Delaware 1787 BC batting - Pitching for Athletic Club KC U-21 : RHP Alberto Ortíz
Pitching: RHP Alberto Ortíz
Batting: LHB Xuan-ling Liao 0-0: Ball
1-0: Ground out U3 (Groundball, 3)
Batting: RHB Mike Pate 0-0: Bunt for hit - play at first, batter safe!
Batting: RHB Jeff Quesenberry 0-0: Called Strike
Throwing error on steal attempt, E2
Mike Pate to third
0-1: Ball
1-1: Fly out, F8 (Flyball, 8RM)
Runner from 3rd tags up, SCORES, no throw
Batting: LHB Bryce Abood 0-0: Swinging Strike
0-1: Ball
1-1: Swinging Strike
1-2: Strikes out swinging
Bottom of the 1st over - 1 run, 1 hit, 1 error, 0 left on base; Athletic Club KC 0 - Delaware 1
TOP OF THE 2ND
Athletic Club KC U-21 batting - Pitching for Delaware 1787 BC : RHP Juan Ramírez
Batting: LHB Miguel Vásquez 0-0: Ball
1-0: Ball
2-0: Ground out 5-3 (Groundball, 56S)
Batting: RHB José Hernández 0-0: Foul Ball, location: 2F
0-1: Ball
1-1: Ball
2-1: Foul Ball, location: 2F
2-2: Strikes out looking
Batting: SHB Martín Gonzáles 0-0: Called Strike
0-1: Ball
1-1: Swinging Strike
1-2: Ball
2-2: Foul Ball, location: 2F
2-2: Fly out, F8 (Flyball, 8RD)
Top of the 2nd over - 0 runs, 0 hits, 0 errors, 0 left on base; Athletic Club KC 0 - Delaware 1
BOTTOM OF THE 2ND
Delaware 1787 BC batting - Pitching for Athletic Club KC U-21 : RHP Alberto Ortíz
Batting: SHB Curt Pack 0-0: Called Strike
0-1: Foul Ball, location: 2F
0-2: Ball
1-2: Ball
2-2: Ball
3-2: Foul Ball, location: 2F
3-2: Ground out U3 (Groundball, 34S)
Batting: RHB Toyozo Yamasaki 0-0: Ball
1-0: Ball
2-0: Foul Ball, location: 2F
2-1: Foul Ball, location: 2F
2-2: Foul Ball, location: 2F
2-2: SINGLE (Line Drive, 4D)
Batting: LHB Hai-feng Tang 0-0: Ball
1-0: Swinging Strike
1-1: Ball
2-1: Ball
3-1: Called Strike
3-2: Foul Ball, location: 2F
3-2: Foul Ball, location: 2F
3-2: Strikes out swinging
Batting: RHB Elwiin Hund 0-0: Fly out, F7 (Flyball, 7LS)
Bottom of the 2nd over - 0 runs, 1 hit, 0 errors, 1 left on base; Athletic Club KC 0 - Delaware 1
TOP OF THE 3RD
Athletic Club KC U-21 batting - Pitching for Delaware 1787 BC : RHP Juan Ramírez
Batting: RHB Ted Hansen 0-0: Foul Ball, location: 2F
0-1: Ball
1-1: Ground out 3-1 (Groundball, 34S)
Batting: RHB Francisco Vigil 0-0: Ball
1-0: Called Strike
1-1: Foul Ball, location: 2F
1-2: Foul Ball, location: 2F
1-2: Ball
2-2: Foul Ball, location: 2F
2-2: Strikes out swinging, 2-3 out at first.
Batting: RHB Bing-zhong Wu 0-0: Foul Ball, location: 2F
0-1: Foul Ball, location: 2F
0-2: Strikes out looking
Top of the 3rd over - 0 runs, 0 hits, 0 errors, 0 left on base; Athletic Club KC 0 - Delaware 1
BOTTOM OF THE 3RD
Delaware 1787 BC batting - Pitching for Athletic Club KC U-21 : RHP Alberto Ortíz
Batting: RHB Félix Ellard 0-0: Called Strike
0-1: Ball
1-1: Foul Ball, location: 2F
1-2: Foul Ball, location: 2F
1-2: Strikes out swinging
Batting: LHB Xuan-ling Liao 0-0: Ball
1-0: Called Strike
1-1: Called Strike
1-2: Ball
2-2: Ball
3-2: SINGLE (Flyball, 78S)
Batting: RHB Mike Pate 0-0: Fly out, F5 (Line Drive, 6)
Batting: RHB Jeff Quesenberry 0-0: Called Strike
0-1: Called Strike
0-2: Strikes out looking
Bottom of the 3rd over - 0 runs, 1 hit, 0 errors, 1 left on base; Athletic Club KC 0 - Delaware 1
TOP OF THE 4TH
Athletic Club KC U-21 batting - Pitching for Delaware 1787 BC : RHP Juan Ramírez
Batting: LHB Pablo Hernández 0-0: Bunt for hit - play at first, batter OUT! 5-3
Batting: RHB Leonardo Hernández 0-0: Ball
1-0: Ball
2-0: Ball
3-0: Called Strike
3-1: Swinging Strike
3-2: Strikes out swinging
Batting: LHB José Antonio Mireles 0-0: Ground out 1-3 (Groundball, P)
Top of the 4th over - 0 runs, 0 hits, 0 errors, 0 left on base; Athletic Club KC 0 - Delaware 1
BOTTOM OF THE 4TH
Delaware 1787 BC batting - Pitching for Athletic Club KC U-21 : RHP Alberto Ortíz
Batting: LHB Bryce Abood 0-0: Ball
1-0: SINGLE (Flyball, 8LS)
Batting: SHB Curt Pack 0-0: Swinging Strike
0-1: Fly out, F5 (Popup, 5S)
Batting: RHB Toyozo Yamasaki 0-0: Ball
1-0: Ball
2-0: Called Strike
2-1: Ball
3-1: Foul Ball, location: 2F
3-2: Strikes out swinging
Batting: LHB Hai-feng Tang 0-0: Called Strike
0-1: Ball
1-1: Foul Ball, location: 2F
1-2: Ball
2-2: Fielders Choice at 2nd, 5-4 (Groundball, 56)
Bottom of the 4th over - 0 runs, 1 hit, 0 errors, 1 left on base; Athletic Club KC 0 - Delaware 1
TOP OF THE 5TH
Athletic Club KC U-21 batting - Pitching for Delaware 1787 BC : RHP Juan Ramírez
Batting: LHB Miguel Vásquez 0-0: Ground out 6-3 (Groundball, 6)
Batting: RHB José Hernández 0-0: Ball
1-0: Swinging Strike
1-1: Fly out, F8 (Flyball, 8RXD)
Batting: SHB Martín Gonzáles 0-0: Ball
1-0: Foul Ball, location: 2F
1-1: SINGLE (Line Drive, 56D)
Batting: RHB Ted Hansen 0-0: Ground out 3-1 (Groundball, 34S)
Top of the 5th over - 0 runs, 1 hit, 0 errors, 1 left on base; Athletic Club KC 0 - Delaware 1
BOTTOM OF THE 5TH
Delaware 1787 BC batting - Pitching for Athletic Club KC U-21 : RHP Alberto Ortíz
Batting: RHB Elwiin Hund 0-0: Called Strike
0-1: Ball
1-1: Swinging Strike
1-2: Hit by Pitch
Batting: RHB Félix Ellard 0-0: Ball
1-0: Ball
2-0: Ball
3-0: Called Strike
3-1: Base on Balls
Elwiin Hund to second
Batting: LHB Xuan-ling Liao 0-0: Ball
1-0: Foul Ball, location: 2F
1-1: Ball
2-1: Foul Ball, location: 2F
2-2: Foul Ball, location: 2F
2-2: Ball
3-2: SINGLE (Flyball, 7S)
Elwiin Hund to third
Félix Ellard to second
Batting: RHB Mike Pate 0-0: Ball
1-0: Swinging Strike
1-1: Ball
2-1: Ball
3-1: Base on Balls
Elwiin Hund scores
Félix Ellard to third
Xuan-ling Liao to second
Batting: RHB Jeff Quesenberry 0-0: Ball
1-0: Foul Ball, location: 2F
1-1: Ball
2-1: Foul Ball, location: 2F
2-2: Strikes out swinging
Pitching: RHP Jorge Cintrón
Batting: LHB Bryce Abood 0-0: Ball
1-0: SINGLE (Groundball, 34D)
Félix Ellard scores
Xuan-ling Liao to third
Mike Pate to second
Runner from 3rd tries for Home, SAFE, no throw
Batting: SHB Curt Pack 0-0: Ball
1-0: Fly out, F2 (Popup, 2L)
Batting: RHB Toyozo Yamasaki 0-0: Called Strike
0-1: Fly out, F7 (Flyball, 78M)
Bottom of the 5th over - 3 runs, 2 hits, 0 errors, 2 left on base; Athletic Club KC 0 - Delaware 4
TOP OF THE 6TH
Athletic Club KC U-21 batting - Pitching for Delaware 1787 BC : RHP Juan Ramírez
Batting: RHB Francisco Vigil 0-0: Called Strike
0-1: Ball
1-1: Ball
2-1: Ball
3-1: Base on Balls
Batting: RHB Bing-zhong Wu 0-0: Called Strike
0-1: Fly out, F8 (Flyball, 8LM)
Batting: LHB Pablo Hernández 0-0: Ball
1-0: Ball
2-0: TRIPLE (Line Drive, 78XD)
Francisco Vigil scores
Batting: RHB Leonardo Hernández 0-0: Foul Ball, location: 2F
0-1: Foul Ball, location: 2F
0-2: Strikes out swinging
Batting: LHB José Antonio Mireles 0-0: Fly out, F8 (Flyball, 8RM)
Top of the 6th over - 1 run, 1 hit, 0 errors, 1 left on base; Athletic Club KC 1 - Delaware 4
BOTTOM OF THE 6TH
Delaware 1787 BC batting - Pitching for Athletic Club KC U-21 : RHP Jorge Cintrón
Batting: LHB Hai-feng Tang 0-0: Foul Ball, location: 2F
0-1: Called Strike
0-2: Ball
1-2: Ball
2-2: Ball
3-2: Base on Balls
Batting: RHB Elwiin Hund 0-0: Foul Ball, location: 2F
0-1: Swinging Strike
0-2: Ball
1-2: Ball
2-2: Foul Ball, location: 2F
2-2: SINGLE (Groundball, 56D)
Hai-feng Tang to second
Batting: RHB Félix Ellard 0-0: Ball
1-0: Called Strike
1-1: Ball
2-1: Ball
3-1: SINGLE (Flyball, 9LS)
Hai-feng Tang to third
Elwiin Hund to second
Batting: LHB Xuan-ling Liao 0-0: Called Strike
0-1: Foul Ball, location: 2F
0-2: Ball
1-2: Ball
2-2: Ball
3-2: Strikes out looking
Batting: RHB Mike Pate 0-0: Foul Ball, location: 2F
0-1: Foul Ball, location: 2F
0-2: Hit by Pitch
Hai-feng Tang scores
Elwiin Hund to third
Félix Ellard to second
Batting: RHB Jeff Quesenberry 0-0: Ball
1-0: Fly out, F9 (Line Drive, 89M)
Runner from 3rd tags up, SCORES, no throw
Batting: LHB Bryce Abood 0-0: Ball
1-0: Ball
2-0: Foul Ball, location: 2F
2-1: Ball
3-1: Fly out, F8 (Flyball, 78XD)
Bottom of the 6th over - 2 runs, 2 hits, 0 errors, 2 left on base; Athletic Club KC 1 - Delaware 6
TOP OF THE 7TH
Athletic Club KC U-21 batting - Pitching for Delaware 1787 BC : RHP Juan Ramírez
Batting: LHB Miguel Vásquez 0-0: Called Strike
0-1: Ball
1-1: Ground out 4-3 (Groundball, 4)
Batting: RHB José Hernández 0-0: Fly out, F9 (Flyball, 9LS)
Batting: SHB Martín Gonzáles 0-0: Foul Ball, location: 2F
0-1: Ball
1-1: Ground out 5-3 (Groundball, 56)
Top of the 7th over - 0 runs, 0 hits, 0 errors, 0 left on base; Athletic Club KC 1 - Delaware 6
BOTTOM OF THE 7TH
Delaware 1787 BC batting - Pitching for Athletic Club KC U-21 : RHP Jorge Cintrón
Batting: SHB Curt Pack 0-0: Called Strike
0-1: Foul Ball, location: 2F
0-2: Strikes out swinging
Batting: RHB Toyozo Yamasaki 0-0: Ball
1-0: Ball
2-0: Ball
3-0: Base on Balls
Batting: LHB Hai-feng Tang 0-0: Ball
1-0: DOUBLE (Line Drive, 8LD)
Toyozo Yamasaki to third
Runner from 3rd tries for Home, SAFE, no throw
Batting: RHB Elwiin Hund 0-0: Called Strike
0-1: Ball
1-1: Ball
2-1: Ball
3-1: Foul Ball, location: 2F
3-2: Strikes out swinging
Batting: RHB Félix Ellard 0-0: Called Strike
0-1: SINGLE (Flyball, 9LM)
Hai-feng Tang to third
Batting: LHB Xuan-ling Liao 0-0: Ball
1-0: Foul Ball, location: 2F
1-1: Ball
2-1: Fly out, F7 (Flyball, 7D)
Bottom of the 7th over - 1 run, 2 hits, 0 errors, 2 left on base; Athletic Club KC 1 - Delaware 7
TOP OF THE 8TH
Athletic Club KC U-21 batting - Pitching for Delaware 1787 BC : RHP Juan Ramírez
Now at C: Tomás Cameros
Now in RF: Tobias Jimenez
Batting: RHB Ted Hansen 0-0: Called Strike
0-1: Ground out 4-3 (Groundball, 4)
Batting: RHB Francisco Vigil 0-0: Ball
1-0: Called Strike
1-1: Ball
2-1: Swinging Strike
2-2: Reached on error, E6 (Groundball, 6)
Batting: RHB Bing-zhong Wu 0-0: Called Strike
0-1: Ball
1-1: Grounds into double play, 4-6-3 (Groundball, 4)
Top of the 8th over - 0 runs, 0 hits, 1 error, 0 left on base; Athletic Club KC 1 - Delaware 7
BOTTOM OF THE 8TH
Delaware 1787 BC batting - Pitching for Athletic Club KC U-21 : RHP Jorge Cintrón
Batting: RHB Mike Pate 0-0: Ball
1-0: Fly out, F8 (Flyball, 8LM)
Batting: RHB Jeff Quesenberry 0-0: Swinging Strike
0-1: Foul Ball, location: 2F
0-2: Ball
1-2: Foul Ball, location: 2F
1-2: Ball
2-2: Strikes out swinging
Batting: LHB Bryce Abood 0-0: Ground out 6-3 (Groundball, 6)
Bottom of the 8th over - 0 runs, 0 hits, 0 errors, 0 left on base; Athletic Club KC 1 - Delaware 7
TOP OF THE 9TH
Athletic Club KC U-21 batting - Pitching for Delaware 1787 BC : RHP Juan Ramírez
Batting: LHB Pablo Hernández 0-0: Called Strike
0-1: Ball
1-1: Ball
2-1: Foul Ball, location: 2F
2-2: Strikes out swinging
Batting: RHB Leonardo Hernández 0-0: Foul Ball, location: 2F
0-1: Ball
1-1: Foul Ball, location: 2F
1-2: Ball
2-2: Ball
3-2: Foul Ball, location: 2F
3-2: Strikes out swinging
Batting: LHB José Antonio Mireles 0-0: Ball
1-0: DOUBLE (Line Drive, 7D)
Batting: LHB Miguel Vásquez 0-0: Called Strike
0-1: SINGLE (Groundball, 34S) (infield hit)
José Antonio Mireles to third
Batting: RHB José Hernández 0-0: Called Strike
0-1: Swinging Strike
0-2: Foul Ball, location: 2F
0-2: Ball
1-2: Ball
2-2: Foul Ball, location: 2F
2-2: Foul Ball, location: 2F
2-2: Ball
3-2: DOUBLE (Line Drive, 7LS)
José Antonio Mireles scores
Miguel Vásquez to third
Miguel Vásquez scores
Batting: SHB Martín Gonzáles 0-0: Ball
1-0: Ball
2-0: Ball
3-0: Called Strike
3-1: Ground out 4-3 (Groundball, 4)
Top of the 9th over - 2 runs, 3 hits, 0 errors, 1 left on base; Athletic Club KC 3 - Delaware 7
Tuesday, December 19th, 2017 - OOTP Baseball 18.8 Build 76